 Dungeon Crawl Stone Soup version 0.18-a0-1702-gd20c6a5 (webtiles) character file.

1264 XiberiaVEVO the Cleaver (level 8, -3/88 HPs)
             Began as a Demonspawn Berserker on Apr 6, 2016.
             Was a Priest of Trog.
             Slain by an orc priest
             ... wielding a +0 whip
              (4 damage)
             ... on level 6 of the Dungeon.
             The game lasted 00:09:05 (4915 turns).

XiberiaVEVO the Cleaver (Demonspawn Berserker)      Turns: 4915, Time: 00:09:07

Health: -3/88      AC: 13    Str: 25    XL:     8   Next: 27%
Magic:  8/8        EV:  7    Int:  9    God:    Trog [***...]
Gold:   319        SH:  0    Dex: 12    Spells: 0 memorised, 7 levels left

rFire  . . .     SeeInvis .     q - +0 war axe
rCold  . . .     Gourm    .     B - +0 plate armour
rNeg   . . .     Faith    .     (no shield)
rPois  .         Spirit   .     (no helmet)
rElec  .         Dismiss  .     (no cloak)
rCorr  .         Reflect  .     i - +1 pair of gloves
SustAt .         Harm     .     (no boots)
MR     .....                    j - amulet of magic regeneration
Stlth  ..........               (no ring)
                                (no ring)

@: berserking (expiring), very quick, not resistant to hostile enchantments,
extremely unstealthy
A: hooves 1, rugged brown scales 1, demonic guardian 1, rot immunity
a: Berserk, Trog's Hand, Burn Spellbooks, Renounce Religion


You were on level 6 of the Dungeon.
You worshipped Trog.
Trog was most pleased with you.
You were not hungry.

You visited 1 branch of the dungeon, and saw 6 of its levels.

You collected 319 gold pieces.

Inventory:

Hand Weapons
 a - a +0 hand axe
 q - a +0 war axe (weapon)
Armour
 b - a +0 animal skin
 i - a +1 pair of gloves (worn)
 p - a +0 chain mail
 B - a +0 plate armour (worn)
Jewellery
 j - an amulet of magic regeneration (around neck)
 t - a -2 ring of strength
 E - an uncursed ring of ice
 F - an uncursed ring of wizardry
Wands
 h - a wand of lightning (8/15)
Scrolls
 e - 2 scrolls of remove curse
 f - 4 scrolls of identify
 g - a scroll of recharging
 l - 5 scrolls of amnesia {unknown}
 n - 6 scrolls of teleportation {unknown}
 r - a scroll of enchant weapon {unknown}
 v - a scroll of blinking {unknown}
 C - a scroll of vulnerability {unknown}
Potions
 k - a potion of lignification {unknown}
 m - a potion of curing
 o - a potion of degeneration {unknown}
 s - 4 potions of haste {unknown}
 w - 3 potions of resistance {unknown}
 z - a potion of heal wounds {unknown}
 D - a potion of cancellation {unknown}
Books
 d - a book of Clouds

   Spells                             Type                      Level
   a - Mephitic Cloud                 Conjuration/Poison/Air       3
   b - Conjure Flame                  Conjuration/Fire             3
   c - Poisonous Cloud                Conjuration/Poison/Air       6
   d - Freezing Cloud                 Conjuration/Ice/Air          6
   e - Ring of Flames                 Charms/Fire                  7
   Trog disapproves of the use of such an item.
 y - a book of Minor Magic

   Spells                             Type                      Level
   a - Magic Dart                     Conjuration                  1
   b - Blink                          Translocation                2
   c - Call Imp                       Summoning                    2
   d - Repel Missiles                 Charms/Air                   2
   e - Slow                           Hexes                        2
   f - Conjure Flame                  Conjuration/Fire             3
   g - Mephitic Cloud                 Conjuration/Poison/Air       3
   Trog disapproves of the use of such an item.
Comestibles
 c - 3 bread rations
 u - a meat ration
 x - a slice of pizza
 A - 4 fruits
 G - a chunk of flesh


   Skills:
 - Level 3.0 Fighting
 + Level 9.6 Axes
 - Level 1.7 Armour
 - Level 1.7 Dodging


You had 7 spell levels left.
You didn't know any spells.

Dungeon Overview and Level Annotations

Branches:
Dungeon (6/15)             Temple (0/1) D:6

Altars:
Cheibriados


Innate Abilities, Weirdness & Mutations

You have large cloven feet.
You are partially covered in rugged brown scales (AC +1, +3% HP).
A weak demonic guardian rushes to your aid.
You are immune to rotting.


Message History

The orc is heavily wounded.
The orc barely misses your iron imp.
Unknown command.
You hit the orc warrior.
The orc warrior is moderately wounded.
You hit the orc.
You kill the orc!
Trog accepts your kill.
The orc warrior hits you but does no damage.
Your iron imp hits the orc warrior but does no damage.
You hit the orc warrior.
The orc warrior is moderately wounded.
You closely miss the orc warrior.
The orc warrior is moderately wounded.
You slash the orc priest!
The orc priest is almost dead.
The orc warrior hits you with an enchanted trident!
* * * LOW HITPOINT WARNING * * *
Your iron imp hits the orc warrior.
The orc priest hits you with a whip.
You die...

.......## . #.##
.[.<...%.. .## #...
.........##.. #.##
............# .. #...
............# ...###..
............ #.......
.......oo#%# #.#####.
.......5@#.### #.######
........5).[.#####.#.....
.........#......#....####
..>....<.###.##...#.#####
.......$.##..............
................###.##...
.............#### #..####
........####.# ##...##
#......## #.# ###..#


You could see an orc warrior, an orc priest, a friendly iron imp and a friendly
crimson imp.

Vanquished Creatures
  The ghost of skk the Ruffian, an amateur VSMo (D:4)
  2 phantoms
  A black bear (D:6)
  An ogre (D:4)
  Blork the orc (D:6)
  A scorpion (D:4)
  A crimson imp (D:5)
  An orc wizard (D:5)
  3 orc priests
  A centaur skeleton (D:3)
  A giant frog skeleton (D:5)
  3 worker ants
  3 iguanas
  7 adders
  A howler monkey skeleton (D:5)
  An ooze (D:4)
  An adder skeleton (D:4)
  An adder zombie (D:5)
  2 worms
  2 dart slugs
  6 giant geckos
  20 orcs
  A ball python (D:4)
  4 bats
  2 giant cockroaches
  2 goblins
  5 hobgoblins
  8 jackals
  4 quokkas
  3 giant newts
  6 kobolds
  5 rats
101 creatures vanquished.

Vanquished Creatures (collateral kills)
  An ogre (D:4)
  A centaur (D:5)
  2 orc wizards (D:6)
  Natasha (twice) (D:3)
  A worker ant (D:4)
7 creatures vanquished.

Grand Total: 108 creatures vanquished

Notes
Turn   | Place    | Note
--------------------------------------------------------------
     0 | D:1      | XiberiaVEVO the Demonspawn Berserker began the quest for the Orb.
     0 | D:1      | Reached XP level 1. HP: 18/18 MP: 1/1
    30 | D:1      | Reached skill level 3 in Axes
   163 | D:1      | Gained mutation: A weak demonic guardian rushes to your aid. [demonic ancestry]
   163 | D:1      | Reached XP level 2. HP: 19/24 MP: 2/2
   719 | D:2      | Reached ** piety under Trog
   749 | D:2      | Gained mutation: You have large cloven feet. [demonic ancestry]
   749 | D:2      | Reached XP level 3. HP: 25/29 MP: 3/3
   917 | D:2      | Reached skill level 4 in Axes
  1162 | D:2      | Reached XP level 4. HP: 34/35 MP: 4/4
  1722 | D:3      | Noticed Natasha
  1728 | D:3      | Killed Natasha
  1728 | D:3      | Reached skill level 5 in Axes
  1776 | D:3      | Noticed Natasha
  1783 | D:3      | Killed Natasha
  1783 | D:3      | Gained mutation: You are partially covered in rugged brown scales (AC +1, +3% HP). [demonic ancestry]
  1783 | D:3      | Reached XP level 5. HP: 34/42 MP: 5/5
  1965 | D:3      | Reached *** piety under Trog
  1975 | D:3      | Found a snail-covered altar of Cheibriados.
  2122 | D:4      | Noticed skk's ghost (amateur VSMo)
  2132 | D:4      | Killed skk's ghost
  2132 | D:4      | Reached skill level 6 in Axes
  2144 | D:4      | Reached XP level 6. HP: 41/48 MP: 6/6
  2385 | D:4      | Reached skill level 7 in Axes
  2640 | D:4      | Gained mutation: You are immune to rotting. [demonic ancestry]
  2640 | D:4      | Reached XP level 7. HP: 53/53 MP: 7/7
  3180 | D:5      | Entered Level 5 of the Dungeon
  3198 | D:5      | HP: 2/53 [centaur (7)]
  3559 | D:5      | Reached skill level 8 in Axes
  4542 | D:6      | Noticed Blork the orc
  4549 | D:6      | Killed Blork the orc
  4585 | D:6      | Found a staircase to the Ecumenical Temple.
  4596 | D:6      | Reached skill level 9 in Axes
  4596 | D:6      | Reached XP level 8. HP: 28/59 MP: 8/8
  4915 | D:6      | HP: 1/88 [orc warrior/enchanted trident (14)]
  4915 | D:6      | Slain by an orc priest

Vault maps used:
D:1:      dpeg_arrival_rooms_a
D:3:      nicolae_overflow_hidden_temple, uniq_natasha
D:4:      kennysheep_spiral_hall
D:5:      first_bread, dk_noncrumbling_2, lemuel_statue_altar
D:6:      kennysheep_little_box, minmay_temple_entry_steel_oval,
          uniq_blork_the_orc

Skill      XL: |  1  2  3  4  5  6  7 |
---------------+----------------------+-----
Axes           | 3 4 5 6 7 9 |  9.6
Fighting       | |  3.0
Armour         | |  1.7
Dodging        | |  1.7

Action                   |  1- 3 |  4- 6 |  7- 9 || total
-------------------------+-------+-------+-------++-------
Melee: Hand axe          |   115 |   190 |   134 ||   439
       War axe           |       |       |    50 ||    50
Invok: Berserk           |       |     2 |     1 ||     3
  Use: Scroll            |       |     6 |       ||     6
       Potion            |       |       |     1 ||     1
 Stab: Distracted        |       |     4 |     1 ||     5
  Eat: Chunk             |     1 |     6 |     7 ||    14
       Beef jerky        |       |       |     1 ||     1
